AoeStats
← HyenHks

Nomad

509353106Analyzed
4v4 RM · 7d ago on Sep 26, 2026· 33m 11s· 8 players
Game mode
Random Map
Map size
231×231
Population
200
Speed
Normal
Resources
Standard
Victory
Conquest
Starting age
Dark Age
Ending age
Imperial Age
RankedLock teamsTeams togetherTeam positionsShared explorationLock speedFull tech treeHidden civsTurbo modeCheats
Victory
Defeat
🇨🇱 Saracens · Chile
1242
+14
🇪🇸 Vikings · Spain
1237
+15
🇩🇰 Spanish · Denmark
1233
+15
🇳🇴 Danes · Norway
1175
+17
🇹🇼 Persians · Taiwan
1322
-19
🇭🇰 Cumans · Hong Kong SAR China
1294
-18
🇹🇼 Armenians · Taiwan
1263
-18
🇹🇼 Teutons · Taiwan
942
-6
BILLLLLLLYYY
5:43 Loom
13:56 Feudal Age
20:30 Double-Bit Axe
26:32 Castle Age
26:47 Elite Skirmisher
27:25 Fletching
28:06 Horse Collar
kenchen
4:10 Loom
13:22 Feudal Age
13:58 Man-at-Arms
14:44 Long Swordsman
15:10 Arson
18:55 Scale Mail Armor
20:21 Fishing Lines
25:01 Fletching
28:27 Castle Age
27:04 Forging
26:56 Double-Bit Axe
27:43 Pikeman
28:32 Two-Handed Swordsman
29:14 Squires
29:00 Gambesons
29:40 Chain Mail Armor
Raven
21:04 Feudal Age
22:25 Double-Bit Axe
23:22 Horse Collar
28:51 Castle Age
28:07 Scale Mail Armor
z3qc7i0oc5s1k
7:00 Loom
28:10 Feudal Age
lsh2911
15:19 Feudal Age
20:49 Castle Age
28:02 Imperial Age
25:52 Padded Archer Armor
26:02 Forging
25:58 Scale Barding Armor
25:50 Double-Bit Axe
26:52 Wheelbarrow
28:43 Husbandry
30:09 Cavalier
HyenHks
15:01 Feudal Age
15:54 Loom
16:44 Wheelbarrow
16:09 Double-Bit Axe
17:57 Man-at-Arms
25:33 Castle Age
24:18 Fishing Lines
28:27 Bow Saw
30:38 Hand Cart
30:14 Town Watch
Arkh
12:50 Loom
14:49 Feudal Age
15:32 Double-Bit Axe
17:45 Fletching
18:58 Horse Collar
23:17 Castle Age
21:49 Fishing Lines
22:03 Gold Mining
22:44 Scale Barding Armor
24:15 Bodkin Arrow
24:53 Chain Barding Armor
24:49 Bow Saw
25:07 Husbandry
28:52 Forging
28:56 Heavy Plow
29:29 Bloodlines
31:58 Wheelbarrow
GzKernel
4:02 Loom
14:30 Feudal Age
17:28 Double-Bit Axe
19:15 Town Watch
24:19 Fletching
27:30 Castle Age
28:01 Padded Archer Armor
29:24 Bodkin Arrow
28:53 Crossbowman
30:42 Leather Archer Armor
Connection lost

Rejoining the realm…

Still unreachable

The connection could not be restored.

Session expired

The server has moved on; the page needs a fresh start.